 Dungeon Crawl Stone Soup version 0.28-a0-1435-g82390b3a13 (webtiles) character file.

Game seed: 9801258773989197897

14508 budo the Cleaver (level 11, -5/142 HPs)
             Began as a Palentonga Berserker on Jan 10, 2022.
             Was a Priest of Trog.
             Slain by an entropy weaver simulacrum (15 damage)
             ... in an ice cave.
             The game lasted 00:55:14 (10784 turns).

budo the Cleaver (Palentonga Berserker)            Turns: 10784, Time: 00:55:14

Health: -5/142     AC: 19    Str: 30    XL:     11   Next: 89%
Magic:  0/20       EV: 11    Int:  9    God:    Trog [***...]
Gold:   490        SH:  0    Dex:  9    Spells: 10/10 levels left

rFire   . . .      SeeInvis +   T - +2 battleaxe (venom)
rCold   + . .      Faith    .   (shield currently unavailable)
rNeg    . . .      Spirit   +   P - +2 leather armour {rC+}
rPois   .          Reflect  .   u - +1 helmet
rElec   .          Harm     .   M - +0 cloak
rCorr   .          Rampage  .   w - +0 pair of gloves
Will    .....                   (no barding)
Stlth   ..........              y - amulet of guardian spirit
HPRegen 0.33/turn               d - +6 ring of strength
MPRegen 0.17/turn               S - ring of magical power

@: berserking, curled up, very quick
A: large, rugged brown scales 3, see invisible, deformed body, roll 1, armoured
tail, reflexive curl
a: Rolling Charge, Renounce Religion, Berserk, Trog's Hand


You were in an ice cave.
You worshipped Trog.
Trog was most pleased with you.
You visited 1 branch of the dungeon, and saw 11 of its levels.
You also visited: Sewer and Ice Cave.

You collected 811 gold pieces.
You spent 321 gold pieces at shops.

Inventory:

Hand Weapons
 T - a +2 battleaxe of venom (weapon)
Missiles
 n - a curare-tipped dart
 p - 55 poisoned darts
 I - 8 atropa-tipped darts
 R - 5 boomerangs (quivered)
Armour
 h - the +2 robe of the Depths {rPois Regen+ Str-4 Dex+6}
   (You found it on level 2 of the Dungeon)

   Str:       It affects your strength (-4).
   Dex:       It affects your dexterity (+6).
   rPois:     It protects you from poison.
   Regen:     It increases your rate of health regeneration.
 u - a +1 helmet (worn)
 w - a +0 pair of gloves (worn)
 x - a +1 robe of resistance
 z - the +1 ring mail of Integrity {rElec Will- MP+9 Dex-2}
   (You found it on level 4 of the Dungeon)

   Dex:       It affects your dexterity (-2).
   rElec:     It insulates you from electricity.
   MP:        It affects your magic capacity (+9).
   Will:      It decreases your willpower.
 D - a +0 chain mail
 F - the +0 ring mail of Kenysunt {+Inv rElec Will- Int+2}
   (You found it on level 6 of the Dungeon)

   Int:       It affects your intelligence (+2).
   rElec:     It insulates you from electricity.
   +Inv:      It lets you turn invisible.
   Will:      It decreases your willpower.
 M - a +0 cloak (worn)
 P - a +2 leather armour of cold resistance (worn)
Jewellery
 d - a +6 ring of strength (left hand)
 t - an amulet of magic regeneration
 y - an amulet of guardian spirit (around neck)
 S - a ring of magical power (right hand)
Wands
 a - a wand of paralysis (3)
 C - a wand of flame (18)
 G - a wand of iceblast (8)
 O - a wand of mindburst (4)
Scrolls
 g - 6 scrolls of teleportation
 i - 2 scrolls of noise
 j - 2 scrolls of fear
 A - 2 scrolls of blinking {unknown}
 E - 2 scrolls of enchant armour
 H - 2 scrolls of vulnerability
 J - 2 scrolls of silence
 K - a scroll of holy word
 L - 4 scrolls of fog
 N - 3 scrolls of amnesia {unknown}
 Q - a scroll of magic mapping {unknown}
Potions
 b - 3 potions of flight {unknown}
 c - a potion of heal wounds
 e - a potion of invisibility
 f - 4 potions of attraction
 k - 4 potions of curing {unknown}
 l - 4 potions of magic
 m - 4 potions of mutation {unknown}
 o - a potion of brilliance {unknown}
 q - 2 potions of haste {unknown}
 r - a potion of cancellation {unknown}
 s - a potion of might
 B - 6 potions of lignification {unknown}


   Skills:
 + Level 9.0 Fighting
 * Level 12.3 Axes
 + Level 7.2 Armour
 + Level 7.3 Dodging
 + Level 4.4 Evocations


You had 10 spell levels left.
You didn't know any spells.
Your spell library was empty.

Dungeon Overview and Level Annotations

Branches:
Dungeon (11/15)            Temple (0/1) D:6             Orc (0/2) D:9
  Sewer (visited)           IceCv (1/1)
   Lair: D:8-11

Altars:
Dithmenos
Fedhas
Qazlal
Ru
Vehumet
Xom
Yredelemnul
Zin

Shops:
D:2 ?   D:6 *

Annotations:
D:11 exclusion: hydra


Innate Abilities, Weirdness & Mutations

You are completely covered in rugged brown scales. (AC +3, +7% HP)
You have supernaturally acute eyesight. (SInv)
Armour fits poorly on your strangely shaped body.
You can roll at nearby foes to attack.
You have a long armoured tail.
You curl defensively after being hit. (AC +7*)


Message History

You resist. The entropy weaver simulacrum hits you.
The entropy weaver simulacrum freezes you!
You resist.
* * * LOW HITPOINT WARNING * * *
The entropy weaver simulacrum hits you.
* * * LOW HITPOINT WARNING * * *
The entropy weaver simulacrum freezes you.
You resist.
* * * LOW HITPOINT WARNING * * *
The entropy weaver simulacrum barely misses you.
Press: ? - help, v - describe, . - travel
Here: an entropy weaver simulacrum (heavily damaged)
The floor.
Your skin stops crawling.
You feel less strong-willed.
Press: ? - help, v - describe, . - travel
Here: an entropy weaver simulacrum (heavily damaged)
The floor.
Press: ? - help, v - describe, . - travel
Here: an entropy weaver simulacrum (heavily damaged)
The floor.
Aiming: Paralyse
Press: ? - help, Shift-Dir - straight line, f - entropy weaver simulacrum
Aim: an entropy weaver simulacrum (heavily damaged, chance to affect: 62%)
Okay, then.
A red film seems to cover your vision as you go berserk!
You feel yourself moving faster!
You feel mighty!
The entropy weaver simulacrum hits you but does no damage.
The entropy weaver simulacrum hits you!
* * * LOW HITPOINT WARNING * * *
The entropy weaver simulacrum freezes you!
You resist.
* * * LOW HITPOINT WARNING * * *
The entropy weaver simulacrum hits you but does no damage. x2
You slash the entropy weaver simulacrum!
The entropy weaver simulacrum is severely damaged.
The entropy weaver simulacrum hits you.
* * * LOW HITPOINT WARNING * * *
The entropy weaver simulacrum freezes you!
You resist.
You die...

##....#####..####.....##
##..## #### #......#
#### ##....## ##...# #
### ##..## ## ##.##
##..# ##. ### #####...##
#..####..
#.####.....#..#
#...#...#
##..##....@##..##
##.....##
#...##....Z###..#
##...###
#.##.......###..##
######.
#..#........###..# ##..
##..##.......# #..##
##... #..####......#
##..# ##...# #.##
#......## ##.####...##
#..# ##..8#..##
#..##...## #..#
#..###..####..#..##


You could see an entropy weaver simulacrum.

Vanquished Creatures
  A two-headed ogre (D:10)
  A centaur warrior (D:7)
  Pikel (D:7)
  A manticore (D:7)
  A gargoyle (D:10)
  9 ice devils (IceCv)
  2 freezing wraiths (IceCv)
  3 anaconda simulacra (IceCv)
  2 entropy weaver simulacra (IceCv)
  A hornet (D:9)
  Sigmund (D:3)
  2 dire elephant simulacra (IceCv)
  2 wyverns
  2 shadows
  4 yaks
  A wraith (D:10)
  2 death yak simulacra (IceCv)
  A floating eye (D:9)
  2 water moccasins
  3 necrophages
  7 orc warriors
  2 sky beasts
  4 ogres
  A black bear (D:11)
  4 centaurs
  3 kobold brigands
  2 lemures (D:7)
  4 bullfrogs
  A wyvern zombie (D:6)
  3 gnoll sergeants (D:9)
  2 two-headed ogre simulacra (IceCv)
  4 cane toad simulacra (IceCv)
  2 scorpions
  3 wyvern skeletons
  A water moccasin skeleton (D:5)
  18 killer bees
  3 elephant simulacra (IceCv)
  4 wights (D:9)
  A howler monkey (D:9)
  4 crimson imps (D:3)
  2 centaur zombies
  A gnoll shaman (D:7)
  A hound (D:6)
  2 jellies (D:5)
  A bullfrog skeleton (D:5)
  6 orc priests
  Crazy Yiuf (D:7)
  4 iguanas
  6 orc wizards
  2 polar bear simulacra (IceCv)
  A killer bee zombie (D:8)
  2 troll simulacra (IceCv)
  4 wolf simulacra (IceCv)
  A hound skeleton (D:5)
  17 gnolls
  5 howler monkey zombies (D:9)
  7 adders
  A naga simulacrum (IceCv)
  A river rat (D:3)
  2 white imps
  An ufetubus (D:7)
  An adder skeleton (D:4)
  2 worms (D:2)
  4 dart slugs
  51 orcs
  6 ball pythons
  9 endoplasms
  6 giant cockroaches
  4 goblins
  8 hobgoblins
  3 quokkas
  7 bats
  2 frilled lizards
  21 kobolds
  7 rats
314 creatures vanquished.

Vanquished Creatures (others)
  2 fungi (Sewer)
  2 plants
4 creatures vanquished.

Grand Total: 318 creatures vanquished

Notes
Turn   | Place    | Note
-------+----------+-------------------------------------------
     0 | D:1      | budo the Palentonga Berserker began the quest for the Orb.
     0 | D:1      | Reached XP level 1. HP: 19/19 MP: 1/1
   124 | D:1      | Reached XP level 2. HP: 25/25 MP: 2/2
  1143 | D:2      | Reached XP level 3. HP: 31/31 MP: 3/3
  1174 | D:2      | Identified the +2 robe of the Depths {rPois Regen+ Str-4
                  | Dex+6}
  1305 | D:2      | Found a shadowy altar of Dithmenos.
  1455 | D:2      | Found Wobeuxamp's Magic Scroll Shoppe.
  1483 | D:2      | Bought a scroll of fear for 42 gold pieces
  1483 | D:2      | Bought a scroll of identify for 24 gold pieces
  1483 | D:2      | Bought a scroll of teleportation for 36 gold pieces
  1568 | D:2      | Found a faded altar of an unknown god.
  1725 | D:3      | Reached XP level 4. HP: 37/37 MP: 4/4
  1755 | D:3      | Noticed Sigmund
  1774 | D:3      | Killed Sigmund
  1775 | D:3      | Reached skill level 4 in Axes
  1775 | D:3      | Reached XP level 5. HP: 44/44 MP: 5/5
  1938 | D:3      | Found a shimmering altar of Xom.
  1946 | D:3      | Reached XP level 6. HP: 51/51 MP: 6/6
  1969 | D:3      | Reached skill level 5 in Axes
  2001 | D:3      | Reached ** piety under Trog
  2068 | D:3      | Found a glowing drain.
  2087 | Sewer    | Entered a sewer
  2212 | Sewer    | Gained mutation: You curl defensively after being hit. (AC
                  | +7*) [Palentonga growth]
  2212 | Sewer    | Reached XP level 7. HP: 58/58 MP: 7/7
  2543 | D:2      | Bought a scroll of identify for 24 gold pieces
  2543 | D:2      | Bought a scroll of teleportation for 36 gold pieces
  2730 | D:4      | Reached skill level 6 in Axes
  2780 | D:4      | Reached *** piety under Trog
  2781 | D:4      | Reached skill level 5 in Fighting
  2861 | D:4      | Reached XP level 8. HP: 66/66 MP: 8/8
  3079 | D:4      | Identified the +1 ring mail of Integrity {rElec Will- MP+9
                  | Dex-2}
  3112 | D:5      | Entered Level 5 of the Dungeon
  3445 | D:5      | Reached skill level 7 in Axes
  3964 | D:6      | Found a staircase to the Ecumenical Temple.
  4162 | D:6      | Identified the +0 ring mail of Kenysunt {+Inv rElec Will-
                  | Int+2}
  4311 | D:6      | Reached skill level 8 in Axes
  4311 | D:6      | Reached XP level 9. HP: 56/73 MP: 9/9
  4385 | D:6      | Found Payxoryv's Assorted Antiques.
  4393 | D:6      | Bought a scroll labelled OTAQEB IXZY for 27 gold pieces
  4393 | D:6      | Bought a scroll labelled OTAQEB IXZY for 27 gold pieces
  4393 | D:6      | Bought a golden potion for 24 gold pieces
  4393 | D:6      | Bought a scroll of identify for 54 gold pieces
  4825 | D:7      | Noticed Pikel
  4841 | D:7      | Killed Pikel
  4842 | D:7      | Reached skill level 5 in Dodging
  4844 | D:7      | Reached skill level 5 in Armour
  4899 | D:7      | Noticed a centaur warrior
  4916 | D:7      | Killed a centaur warrior
  4917 | D:7      | Reached skill level 9 in Axes
  5189 | D:6      | Bought a scroll labelled URGHOMI HUBE for 27 gold pieces
  5288 | D:7      | Found a runed translucent door.
  5289 | D:7      | Noticed Crazy Yiuf
  5297 | D:7      | Killed Crazy Yiuf
  5371 | D:7      | Noticed a manticore
  5389 | D:7      | Killed a manticore
  5390 | D:7      | Reached XP level 10. HP: 83/84 MP: 10/10
  5859 | D:7      | Found a stormy altar of Qazlal.
  6296 | D:8      | Reached skill level 10 in Axes
  6365 | D:8      | Found a blossoming altar of Fedhas.
  6468 | D:8      | Found a basalt altar of Yredelemnul.
  6805 | D:8      | Found a sacrificial altar of Ru.
  7107 | D:9      | Reached skill level 1 in Evocations
  7193 | D:9      | Found a staircase to the Orcish Mines.
  7776 | D:9      | Reached **** piety under Trog
  7862 | D:9      | Found a glowing silver altar of Zin.
  8222 | D:9      | Reached skill level 11 in Axes
  8309 | D:9      | Reached XP level 11. HP: 92/92 MP: 11/11
  8320 | D:9      | Found a radiant altar of Vehumet.
  8441 | D:10     | Entered Level 10 of the Dungeon
  8789 | D:10     | Noticed a two-headed ogre
  8796 | D:10     | Killed a two-headed ogre
  9134 | D:11     | Noticed a five-headed hydra
  9164 | D:11     | Noticed a brown ugly thing
  9180 | D:11     | Found a frozen archway.
  9206 | IceCv    | Entered an ice cave
  9880 | IceCv    | Found an ancient bone altar of Kikubaaqudgha.
 10073 | IceCv    | Reached skill level 12 in Axes
 10784 | IceCv    | Slain by an entropy weaver simulacrum

Illustrated notes

Levels and vault maps discovered:
D:1:      minmay_arrival_jagged, layout_rooms, minmay_small_reverse_x
D:2:      layout_loops_ring, serial_shops, shop_scrolls,
          shapermc_ecumenical_altar_mp_vishouse, kennysheep_flooded_box
D:3:      layout_basic, led_xom_imps, portal_sewer_entry_b,
          minmay_misc_feat_five, uniq_sigmund
D:4:      layout_rooms
D:5:      layout_loops_ring
D:6:      layout_cave_pods, minmay_temple_entry_statues, serial_shops,
          nicolae_shop_overgrown_old_shop, hangedman_abyss_or_decor_lesser_grid,
          ebering_dispersal_statue_hall
D:7:      nzn_winding_woodlands_small [nzn_winding_woodlands_5x15_lazy_stream,
          nzn_winding_woodlands_center_diamonds,
          nzn_winding_woodlands_5x15_parted], layout_cave_pods,
          nicolae_qazlal_eye_of_the_storm, uniq_crazy_yiuf_cottage, uniq_pikel
D:8:      layout_cave_pools, mainiacjoe_overflow_small_starburst,
          amcnicky_altar_gilded, mainiacjoe_overflow_six_doors_small,
          glass_columns_a, kennysheep_generic_room_15
D:9:      layout_basic, vehumet_altar_wand_db, zin_statuary, hiddenorc2_lemuel,
          onia_ninara_cookie
D:10:     layout_loops_ring, minmay_fractal_squares_gapless_5
D:11:     layout_cave_pools, grunt_lair_entry_orc_guard_hut,
          portal_ice_cave_entry_pillars_2, minmay_misc_feat_rows,
          uniq_gastronok, uniq_erolcha
IceCv:    ice_cave_small_necro

Skill      XL: |  1  2  3  4  5  6  7  8  9 10 11 |
---------------+----------------------------------+-----
Dodging        | 2 3 4 5 6 7 |  7.3
Armour         | 2 3 4 5 6 7 |  7.2
Axes           | 4 5 6 8 9 11 12 | 12.3
Fighting       | 4 5 6 7 8 9 |  9.0
Evocations     | 2 4 |  4.4

Action                   |  1- 3 |  4- 6 |  7- 9 | 10-12 || total
-------------------------+-------+-------+-------+-------++-------
Melee: Hand axe          |    90 |    75 |   297 |   405 ||   867
       Tailslap          |    12 |     5 |    56 |    83 ||   156
       Punch             |     1 |     1 |     3 |       ||     5
       Battleaxe         |       |       |       |   185 ||   185
Throw: Boomerang         |       |       |       |     3 ||     3
Invok: Berserk           |     6 |     6 |     9 |    23 ||    44
       Trog's Hand       |       |       |     2 |    19 ||    21
 Abil: Rolling Charge    |    19 |     5 |    20 |    24 ||    68
Evoke: Wand              |       |       |       |     6 ||     6
  Use: Scroll            |     3 |       |     4 |     8 ||    15
       Potion            |       |       |       |     4 ||     4
 Stab: Sleeping          |     1 |     1 |       |     1 ||     3
       Distracted        |       |       |       |     1 ||     1
Armor: Animal skin       |    26 |       |       |       ||    26
       Robe              |     8 |    18 |    95 |   152 ||   273
       Leather armour    |       |       |       |    49 ||    49
Dodge: Dodged            |    24 |    31 |   103 |   269 ||   427
Block: Buckler           |       |       |    24 |    55 ||    79

Table legend: (Time is in decaauts)
 A = Elapsed time spent in this place.
 B = Non-inter-level travel time spent in this place.
 C = Inter-level travel time spent in this place.
 D = Time resting spent in this place.
 E = Time spent auto-exploring this place.
 F = Levels seen in this place.
 G = Mean time per level.
                   A        B        C        D        E       F      G
               +--------+--------+--------+--------+--------+-----+--------+
         Total |  11192 |  10515 |    677 |   1990 |   4284 |  13 |  860.9 |
       Dungeon |   9285 |   8608 |    677 |    929 |   4254 |  11 |  844.1 |
         Sewer |    253 |    253 |      0 |      0 |     29 |   1 |  253.0 |
      Ice Cave |   1653 |   1653 |      0 |   1061 |      0 |   1 | 1653.0 |
               +--------+--------+--------+--------+--------+-----+--------+

Top non-repeatable levels by time:
   IceCv: 1653 daAuts
     D:7: 1452 daAuts
     D:9: 1421 daAuts
     D:6: 1075 daAuts
     D:1: 929 daAuts
     D:2: 848 daAuts
     D:8: 783 daAuts
     D:3: 763 daAuts
    D:10: 753 daAuts
     D:5: 728 daAuts
     D:4: 489 daAuts
   Sewer: 253 daAuts
    D:11: 38 daAuts
